cohdb
Replays
Latest Replays
All Replays
Popular Replays
Top Player Replays
Match Explorer
How It Works
Community
CoH3 Stats
Reddit
Sign in to upload your games and track your stats! →
Sign in with Steam
Match 32827219
Unlisted
Match 32827219
Overview
Messages
Build Orders
End
Construct Barracks
Selects Advanced Infantry Battlegroup
Riflemen Squad
Riflemen Squad
Riflemen Squad
Riflemen Squad
Infantry Support Center
Grenade Package
Selects Convert to Ranger Squad
Construct Motor Pool
Selects Frontline Medical Station
Frontline Medical Station
Convert to Ranger Squad
Advanced Logistics
M1 Anti-tank Gun Team
Convert to Ranger Squad
Construct Tank Depot
Selects Ranger Weapon Training
Frontline Medical Station
Selects Artillery Observers
Selects M2A1 105mm Howitzer Emplacement
Riflemen Squad
M4A1 Sherman Medium Tank
Convert to Ranger Squad
Selects 155mm Rapid Artillery Barrage
Selects Free Fire Drills
Engineer Squad
M4A1 Sherman Medium Tank
Construct Weapon Support Center
M3 Armored Personnel Carrier
Survival Training
Engineer Squad
Munitions Surplus
Microsoft Office Excel
Microsoft Office Word
--==[ ZaiS ]==--
Yaas
0
0
Comments
sign in to comment!
No comments posted yet!